 Dungeon Sprint DCSS version 0.19-a0-505-g8266cc7 (console) character file.

37214 Doll the Pulveriser (level 13, -1/136 HPs)
             Began as a Minotaur Gladiator on June 5, 2016.
             Was the Champion of Makhleb.
             Slain by a fire dragon (10 damage)
             ... while paralysed by a vampire knight
             ... in the Dungeon (Sprint IX: "|||||||||||||||||||||||||||||").
             The game lasted 00:15:51 (2765 turns).

Doll the Pulveriser (Minotaur Gladiator)            Turns: 2765, Time: 00:15:51

Health: -1/136     AC: 29    Str: 28    XL:     13   Next: 57%
Magic:  21/21      EV:  2    Int:  5    God:    Makhleb [******]
Gold:   1649       SH:  0    Dex: 11    Spells: 0 memorised, 12 levels left

rFire  + + .     SeeInvis .     B - +9 lajatang
rCold  x . .     Gourm    .     D - +8 fire dragon armour of the Merchant {+Inv rF++ rC- MR+ Regen+ MP+9}
rNeg   . . .     Faith    .     (shield currently unavailable)
rPois  .         Spirit   .     c - +2 hat
rElec  .         Dismiss  .     r - +2 cloak
rCorr  .         Reflect  .     C - +1 pair of gloves
SustAt .         Harm     .     (no boots)
MR     +....     NoTele   +     (no amulet)
Stlth  ..........               u - +3 ring of strength
                                t - +2 ring of protection

@: paralysed, corroded, somewhat resistant to hostile enchantments, extremely
unstealthy
A: retaliatory headbutt, horns 2
a: Minor Destruction, Lesser Servant of Makhleb, Major Destruction, Greater
Servant of Makhleb, Renounce Religion, Evoke Invisibility


You were in the Dungeon.
You worshipped Makhleb.
Makhleb was exalted by your worship.
You were not hungry.

You visited 1 branch You collected 1919 gold pieces.
You spent 270 gold pieces at shops.

Inventory:

Hand Weapons
 B - a +9 lajatang (weapon)
Missiles
 d - 2 throwing nets (quivered)
Armour
 c - a +2 hat (worn)
 r - a +2 cloak (worn)
 y - a +5 plate armour
 C - a +1 pair of gloves (worn)
 D - the +8 fire dragon armour of the Merchant (worn) {+Inv rF++ rC- MR+ Regen+ MP+9}
   (You found it in the Dungeon)

   It greatly protects you from fire.
   It makes you vulnerable to cold.
   It affects your resistance to hostile enchantments.
   It affects your magic capacity (+9).
   It lets you turn invisible.
   It increases your rate of regeneration.
Jewellery
 b - an uncursed ring of protection from magic
 s - an uncursed ring of fire
 t - a +2 ring of protection (left hand)
 u - a +3 ring of strength (right hand)
 z - an uncursed ring of see invisible
 A - an uncursed ring of protection from cold
Wands
 p - a wand of lightning (7/15)
Scrolls
 k - 2 scrolls of blinking
 l - a scroll of recharging
 n - 3 scrolls of remove curse
 o - 2 scrolls of amnesia
 v - a scroll of fog
Potions
 a - 2 potions of cure mutation {unknown}
 e - a potion of invisibility
 g - 12 potions of heal wounds
 h - 2 potions of haste
 i - 5 potions of magic
 j - a potion of berserk rage
 m - 7 potions of curing
 E - a potion of agility
 F - a potion of degeneration {unknown}
Comestibles
 f - 13 bread rations
 q - 8 chunks of flesh
 w - 40 fruits
 x - 12 meat rations


   Skills:
 + Level 18.9 Fighting
 * Level 25.0 Staves
 - Level 2.0 Throwing
 + Level 18.8 Armour
 + Level 17.7 Dodging


You had 12 spell levels left.
You didn't know any spells.

Dungeon Overview and Level Annotations

Branches:
Dungeon (1/1)

Altars:
Cheibriados
Dithmenos
Elyvilon
Fedhas
Gozag
Hepliaklqana
Kikubaaqudgha
Makhleb
Nemelex Xobeh
Okawaru
Pakellas
Qazlal
Ru
Sif Muna
Trog
Uskayaw
Vehumet
Xom
Yredelemnul
Zin
The Shining One
Beogh
Jiyva
Lugonu

Shops:
D *%?(


Innate Abilities, Weirdness & Mutations

You reflexively headbutt those who attack you in melee.
You have a pair of horns on your head.


Message History

The vampire knight is lightly damaged.
You slash the vampire knight!
The vampire knight is moderately damaged.
The vampire knight is infused with unholy energy.
* * * LOW HITPOINT WARNING * * *
The vampire knight draws life force from you and is healed!
The fire dragon bites you but does no damage.
The fire dragon misses you. The fire dragon completely misses you.
You hit the vampire knight.
Your headbutt misses the vampire knight.
The vampire knight is lightly damaged.
The vampire knight gestures at you while chanting.
You suddenly lose the ability to move!
The fire dragon bites you but does no damage.
The fire dragon claws you but does no damage.
The fire dragon tramples you but does no damage.
The vampire knight barely misses you.
The vampire knight bites you but does no damage.
The fire dragon bites you!
You die...

▓.▓.▓.▓.▓.▓.▓.▓.▓.
▓.▓.▓.▓.▓.▓.▓.▓.▓'
▓.▓.▓.▓.▓.▓.▓.▓.▓.
▓.▓.▓.▓.▓'▓.▓.▓.▓.
▓.▓.▓.▓.▓.▓.▓.▓.▓.
▓.▓.▓.▓.▓.▓.▓.▓.▓.
▓.▓.▓.▓.▓.▓.▓.▓.▓.
▓.▓.▓.▓.▓.▓.▓)▓.▓.
▓.▓.▓.▓.▓.▓.▓)▓.▓)
▓V▓.▓'▓.▓)▓.▓[▓.▓.
▓@▓.▓)▓.▓.▓)▓)▓.▓.
▓D▓.▓)▓.▓)▓.▓)▓.▓.
▓D▓.▓.▓.▓)▓.▓.▓.▓.
▓p▓.▓.▓.▓)▓.▓)▓.▓.
▓Q▓.▓.▓.▓)▓.▓)▓.▓.
▓*▓)▓)▓.▓)▓.▓)▓.▓÷
▓.▓.▓†▓.▓)▓.▓.▓.▓.
▓.▓.▓)▓.▓.▓.▓.▓.▓.
▓.▓^▓.▓[▓.▓.▓.▓.
▓.▓†▓.▓[▓.▓.▓.▓.
▓.▓.▓.▓[▓.▓.▓.▓.


You could see a fire dragon, an ice dragon, a tengu reaver, a vampire knight, an
entropy weaver and a battlesphere.

Vanquished Creatures
  A stone giant (D)
  A vampire knight (D)
  A very ugly thing (D)
  Azrael (D)
  2 ettins (D)
  An entropy weaver (D)
  2 rakshasas (D)
  Harold (D)
  A hydra (D)
  2 anacondas (D)
  Erica (D)
  A deep troll shaman (D)
  An alligator (D)
  2 shock serpents (D)
  5 orc high priests (D)
  A sea snake (D)
  A swamp dragon (D)
  11 orc knights (D)
  A cyclops (D)
  An orc sorcerer (D)
  A wizard (D)
  A hornet (D)
  A salamander (D)
  A manticore (D)
  A moth of wrath (D)
  Maurice (D)
  3 black mambas (D)
  A naga mage (D)
  2 sirens (D)
  3 spiny frogs (D)
  An efreet (D)
  2 demonic crawlers (D)
  A komodo dragon (D)
  2 yaktaurs (D)
  A troll (shapeshifter) (D)
  3 jumping spiders (D)
  2 merfolk (D)
  2 giant leeches (D)
  A snapping turtle (D)
  A two-headed ogre (D)
  2 blink frogs (D)
  2 bog bodies (D)
  A boulder beetle (D)
  A tarantella (D)
  A redback (D)
  A water elemental (D)
  2 yaks (D)
  2 fire elementals (D)
  A hippogriff (D)
  3 vampire mosquitoes (D)
  A mottled dragon (D)
  3 water moccasins (D)
  A soldier ant (D)
  4 hell hounds (D)
  4 porcupines (D)
  10 orc warriors (D)
  2 phantoms (D)
  A wasp (D)
  A necrophage (D)
  4 crocodiles (D)
  2 giant frogs (D)
  2 scorpions (D)
  A crimson imp (D)
  6 orc priests (D)
  3 orc wizards (D)
  A hound (D)
  An iguana (D)
  A worker ant (D)
  2 shadow imps (D)
  An adder zombie (D)
  4 orcs (D)
  A bat skeleton (D)
  A giant cockroach (D)
  A goblin (D)
  A hobgoblin (D)
  2 giant newts (D)
  A kobold (D)
  A rat (D)
148 creatures vanquished.

Vanquished Creatures (others)
  A hippogriff (D)
  A water moccasin (D)
2 creatures vanquished.

Grand Total: 150 creatures vanquished

Notes
Turn   | Place    | Note
--------------------------------------------------------------
     0 | D        | Doll the Minotaur Gladiator began the quest for the Orb.
     0 | D        | Reached XP level 1. HP: 18/18 MP: 0/0
     7 | D        | Reached skill level 4 in Staves
    10 | D        | Reached skill level 1 in Armour
    83 | D        | Noticed a phantom
    83 | D        | Noticed a scorpion
    88 | D        | Reached skill level 5 in Staves
    88 | D        | Reached XP level 2. HP: 22/26 MP: 1/1
    97 | D        | Killed a scorpion
    97 | D        | Reached skill level 6 in Staves
    97 | D        | Reached XP level 3. HP: 24/34 MP: 2/2
   117 | D        | Killed a phantom
   117 | D        | Reached skill level 5 in Fighting
   117 | D        | Reached skill level 8 in Staves
   117 | D        | Reached skill level 5 in Armour
   117 | D        | Reached XP level 4. HP: 16/44 MP: 3/3
   117 | D        | Reached XP level 5. HP: 19/50 MP: 4/4
   132 | D        | Found a glowing silver altar of Zin.
   132 | D        | Found a glowing golden altar of the Shining One.
   132 | D        | Found an ancient bone altar of Kikubaaqudgha.
   132 | D        | Found a basalt altar of Yredelemnul.
   132 | D        | Found a shimmering altar of Xom.
   132 | D        | Found a radiant altar of Vehumet.
   133 | D        | Found an iron altar of Okawaru.
   134 | D        | Found a burning altar of Makhleb.
   135 | D        | Found a deep blue altar of Sif Muna.
   136 | D        | Found a bloodstained altar of Trog.
   137 | D        | Found a sparkling altar of Nemelex Xobeh.
   138 | D        | Found a white marble altar of Elyvilon.
   139 | D        | Found a roughly hewn altar of Beogh.
   140 | D        | Found a viscous altar of Jiyva.
   141 | D        | Found a corrupted altar of Lugonu.
   142 | D        | Found a blossoming altar of Fedhas.
   143 | D        | Found a snail-covered altar of Cheibriados.
   144 | D        | Found a shadowy altar of Dithmenos.
   145 | D        | Found a stormy altar of Qazlal.
   146 | D        | Found an opulent altar of Gozag.
   147 | D        | Found a sacrificial altar of Ru.
   148 | D        | Found an oddly glowing altar of Pakellas.
   149 | D        | Found a hide-covered altar of Uskayaw.
   150 | D        | Found a hazy altar of Hepliaklqana.
   225 | D        | Became a worshipper of Makhleb the Destroyer
   328 | D        | Noticed a phantom
   332 | D        | Reached skill level 9 in Staves
   334 | D        | Reached * piety under Makhleb
   336 | D        | Reached skill level 10 in Staves
   344 | D        | Killed a phantom
   344 | D        | Reached ** piety under Makhleb
   344 | D        | Reached XP level 6. HP: 53/60 MP: 5/5
   373 | D        | Noticed a mottled dragon
   373 | D        | Noticed a two-headed ogre
   373 | D        | Noticed a polar bear
   375 | D        | Noticed a troll
   375 | D        | a polar bear changed into a troll
   377 | D        | Killed a mottled dragon
   377 | D        | Reached skill level 11 in Staves
   383 | D        | Killed a two-headed ogre
   383 | D        | Reached *** piety under Makhleb
   383 | D        | Reached skill level 12 in Staves
   383 | D        | Reached XP level 7. HP: 52/69 MP: 6/6
   396 | D        | Killed a troll
   396 | D        | Reached **** piety under Makhleb
   396 | D        | Reached skill level 13 in Staves
   396 | D        | Reached XP level 8. HP: 74/78 MP: 7/7
   530 | D        | Reached ***** piety under Makhleb
   530 | D        | Reached skill level 10 in Fighting
   533 | D        | Reached skill level 10 in Armour
   541 | D        | Reached skill level 14 in Staves
   542 | D        | Noticed a komodo dragon
   545 | D        | Reached skill level 10 in Dodging
   552 | D        | Killed a komodo dragon
   564 | D        | Reached ****** piety under Makhleb
   564 | D        | Reached XP level 9. HP: 73/89 MP: 8/8
   636 | D        | Reached skill level 15 in Staves
   690 | D        | Reached skill level 16 in Staves
   887 | D        | Noticed a spiny frog
   887 | D        | Noticed a spiny frog
   887 | D        | Noticed a spiny frog
   891 | D        | Noticed a giant leech
   901 | D        | Killed a spiny frog
   911 | D        | Killed a spiny frog
   916 | D        | Killed a spiny frog
   929 | D        | Killed a giant leech
   929 | D        | Reached skill level 17 in Staves
   929 | D        | Reached XP level 10. HP: 100/100 MP: 9/9
  1056 | D        | Noticed an orc knight
  1056 | D        | Noticed an orc knight
  1071 | D        | Killed an orc knight
  1093 | D        | Killed an orc knight
  1369 | D        | Noticed an orc sorcerer
  1374 | D        | Killed an orc sorcerer
  1374 | D        | Reached skill level 18 in Staves
  1387 | D        | Noticed an orc knight
  1412 | D        | Killed an orc knight
  1479 | D        | Found Favegi's Assorted Antiques.
  1479 | D        | Noticed an orc high priest
  1479 | D        | Noticed an orc knight
  1479 | D        | Noticed an orc high priest
  1479 | D        | Noticed an orc knight
  1479 | D        | Noticed an orc high priest
  1481 | D        | Noticed an orc knight
  1484 | D        | Noticed a smoke demon
  1484 | D        | Killed an orc high priest
  1484 | D        | Reached XP level 11. HP: 110/110 MP: 10/10
  1495 | D        | Killed an orc knight
  1495 | D        | Reached skill level 19 in Staves
  1496 | D        | Found Ijuodoo's Food Shoppe.
  1509 | D        | Killed an orc high priest
  1511 | D        | Noticed an orc knight
  1517 | D        | Noticed an orc knight
  1517 | D        | Killed an orc knight
  1518 | D        | Found Baecregu's Magic Scroll Emporium.
  1519 | D        | Noticed an orc high priest
  1525 | D        | Killed an orc high priest
  1531 | D        | Noticed an orc knight
  1544 | D        | Killed an orc knight
  1551 | D        | Killed an orc knight
  1551 | D        | Reached skill level 20 in Staves
  1565 | D        | Killed an orc knight
  1565 | D        | Reached skill level 15 in Fighting
  1566 | D        | Found Ateoc's Antique Weapon Shoppe.
  1589 | D        | Killed an orc high priest
  1589 | D        | Reached skill level 15 in Armour
  1598 | D        | Killed an orc knight
  1605 | D        | Noticed an orc knight
  1606 | D        | Noticed an orc high priest
  1607 | D        | Noticed an orc knight
  1624 | D        | Killed an orc knight
  1633 | D        | Killed an orc high priest
  1645 | D        | Killed an orc knight
  1690 | D        | Bought 2 scrolls of enchant armour for 180 gold pieces
  1690 | D        | Bought a scroll of enchant armour for 90 gold pieces
  1905 | D        | Noticed Erica
  1916 | D        | Killed Erica
  1916 | D        | Reached skill level 21 in Staves
  1939 | D        | Noticed Maurice
  1949 | D        | Killed Maurice
  2012 | D        | Got the +8 fire dragon armour of the Merchant {+Inv rF++ rC- MR+ Regen+ MP+9}
  2055 | D        | Noticed a wizard
  2058 | D        | Noticed a cyan very ugly thing
  2060 | D        | Noticed a rakshasa
  2060 | D        | Reached XP level 12. HP: 122/122 MP: 11/11
  2069 | D        | Reached skill level 15 in Dodging
  2072 | D        | Killed a cyan very ugly thing
  2073 | D        | Noticed a rakshasa
  2079 | D        | Killed a rakshasa
  2081 | D        | Noticed an ettin
  2082 | D        | Noticed an ettin
  2086 | D        | Noticed a stone giant
  2090 | D        | Killed a rakshasa
  2090 | D        | Reached skill level 22 in Staves
  2108 | D        | Killed a stone giant
  2110 | D        | Killed an ettin
  2386 | D        | Reached skill level 23 in Staves
  2408 | D        | Noticed an entropy weaver
  2421 | D        | Killed an entropy weaver
  2450 | D        | Noticed an alligator
  2450 | D        | Noticed a six-headed hydra
  2468 | D        | Killed an alligator
  2468 | D        | Reached XP level 13. HP: 134/134 MP: 12/12
  2530 | D        | Reached skill level 24 in Staves
  2615 | D        | Noticed Azrael
  2631 | D        | Killed Azrael
  2683 | D        | Noticed Harold
  2697 | D        | Killed Harold
  2737 | D        | Noticed an ettin
  2737 | D        | Noticed a vampire knight
  2737 | D        | Noticed a vampire knight
  2737 | D        | Noticed a fire dragon
  2739 | D        | Killed an ettin
  2756 | D        | Noticed a tengu reaver
  2756 | D        | Killed a vampire knight
  2756 | D        | Reached skill level 25 in Staves
  2764 | D        | Paralysed by a vampire knight for 2 turns
  2765 | D        | Slain by a fire dragon

Vault maps used:
D:        linesprint

Skill      XL: |  1  2  3  4  5  6  7  8  9 10 11 12 13 |
---------------+----------------------------------------+-----
Staves         | 5 6 8 10 12 13 14 17 18 21 23 25 | 25.0
Armour         | 2 4 5 7 8 9 10 12 14 15 17 18 | 18.8
Fighting       | 3 4 5 7 8 9 11 12 14 15 17 18 | 18.9
Dodging        | 4 6 7 8 9 10 11 13 14 16 17 | 17.7
Throwing       | |  2.0

Action                   |  1- 3 |  4- 6 |  7- 9 | 10-12 | 13-15 || total
-------------------------+-------+-------+-------+-------+-------++-------
Melee: Quarterstaff      |    29 |    20 |   132 |   276 |       ||   457
       Headbutt          |     5 |     3 |    30 |   113 |    28 ||   179
       Lajatang          |       |       |       |   142 |   106 ||   248
Throw: Throwing net      |       |     2 |       |       |       ||     2
Invok: Minor Destruction |       |       |     1 |       |       ||     1
  Use: Potion            |     1 |       |     1 |       |     1 ||     3
       Scroll            |       |       |     4 |    13 |       ||    17
  Eat: Chunk             |       |       |       |     5 |     2 ||     7
Armor: Leather armour    |     3 |       |       |       |       ||     3
       Scale mail        |       |     5 |    14 |     5 |       ||    24
       Plate armour      |       |       |       |    32 |       ||    32
       Fire dragon armou |       |       |       |    70 |    49 ||   119
Dodge: Dodged            |    12 |     3 |    30 |   150 |    69 ||   264
